 Dungeon Crawl Stone Soup version 0.25-a0-992-gca090100c3 (webtiles) character file.

Game seed: 2813677909955490253, levelgen mode: deterministic

1388 Lugonue the Slasher (level 8, -5/49 HPs)
             Began as a Tengu Fighter on May 10, 2020.
             Was an Initiate of Sif Muna.
             Slain by an orc
             ... wielding a +1 dagger of electrocution
              (19 damage)
             ... on level 7 of the Dungeon.
             The game lasted 00:08:19 (5714 turns).

Lugonue the Slasher (Tengu Fighter)                 Turns: 5714, Time: 00:08:19

Health: -5/49      AC:  7    Str: 17    XL:     8   Next: 68%
Magic:  9/9        EV: 14    Int: 10    God:    Sif Muna [......]
Gold:   383        SH: 10    Dex: 14    Spells: 7/7 levels left

rFire    + . .     SeeInvis +   a - +1 long sword
rCold    . . .     Gourm    .   c - +1 kite shield
rNeg     . . .     Faith    .   w - +3 leather armour
rPois    .         Spirit   .   (helmet restricted)
rElec    .         Reflect  .   (no cloak)
rCorr    .         Harm     .   y - +0 pair of gloves
MR       .....                  (boots unavailable)
Stlth    ..........             (no amulet)
HPRegen  0.16/turn              t - ring of see invisible
MPRegen  0.11/turn              b - ring of attention (curse)

@: mighty, flying quickly and evasively, lightly drained, quick
A: beak, talons 3, fire resistance 1, wild magic 1, able to fly
a: Stop Flying, Renounce Religion


You were on level 7 of the Dungeon.
You worshipped Sif Muna.
Sif Muna was noncommittal.
You were not hungry.

You visited 1 branch of the dungeon, and saw 7 of its levels.

You collected 383 gold pieces.

Inventory:

Hand Weapons
 a - a +1 long sword (weapon)
 o - a +0 short sword of venom
Armour
 c - a +1 kite shield (worn)
 w - a +3 leather armour (worn)
 y - a +0 pair of gloves (worn)
 B - a +3 ring mail
Jewellery
 b - a cursed ring of attention (right hand)
 t - a ring of see invisible (left hand)
 z - an uncursed ring of magical power {unknown}
Wands
 k - a wand of flame (24)
Scrolls
 e - a scroll of amnesia
 g - a scroll of fog
 h - a scroll of enchant armour
 q - 3 scrolls of enchant weapon
 v - a scroll of identify
 A - a scroll of remove curse
Potions
 i - a potion of brilliance
 j - a potion of cancellation {unknown}
 l - a potion of flight {unknown}
 m - 2 potions of heal wounds
 n - 4 potions of curing {unknown}
 p - a potion of resistance {unknown}
 r - a potion of stabbing {unknown}
 s - a potion of degeneration {unknown}
 x - a potion of lignification {unknown}
Comestibles
 f - 8 rations


   Skills:
 * Level 5.2(4.7) Fighting
 + Level 7.0(6.5) Long Blades
 + Level 5.5(5.0) Armour
 * Level 4.8(4.4) Dodging
 + Level 0.7(0.4) Stealth
 + Level 4.6(4.2) Shields


You had 7 spell levels left.
You didn't know any spells.
Your spell library contained the following spells:

 Spells                   Type           Power        Failure   Level  Hunger
 Animate Skeleton         Necr           N/A          92%         1    ##.....
 Pain                     Necr           #...         92%         1    ##.....
 Vampiric Draining        Necr           #.........   100%        3    ####...
 Animate Dead             Necr           N/A          100%        4    #####..
 Agony                    Necr           #.......     100%        5    ######.


Dungeon Overview and Level Annotations

Branches:
Dungeon (7/15)             Temple (0/1) D:5

Altars:
Ashenzari
Cheibriados
Dithmenos
Fedhas
Nemelex Xobeh
Okawaru
Ru
Sif Muna
Trog
Uskayaw
Xom
Yredelemnul


Innate Abilities, Weirdness & Mutations

You have a beak for a mouth.
You have claws for feet.
You can fly continuously.
Your flesh is heat resistant. (rF+)
Your spells are a little harder to cast, but a little more powerful.


Message History

All of the chunks of flesh in your inventory have rotted away.
You are too injured to fight recklessly!
You hit the wight. You claw the wight, but do no damage.
The wight is lightly damaged.
You block the wight's attack.
You feel very mighty all of a sudden. The wight completely misses you.
You hit the wight.
The wight is moderately damaged.
The wight hits you with a +4 mace of freezing.
The wight freezes you.
You slash the wight!
You destroy the wight!
Sif Muna accepts your kill.
Your base Long Blades skill increases to level 7!
Unknown command.
The orc hits you with a +1 dagger of electrocution.
* * * LOW HITPOINT WARNING * * *
You are electrocuted!!
You die...

#..........#..†####....
#..o...#...............
#......#......#........
#..##.##......#....####
#.....).†#....#........
#.......###............
#####......####............
.............zo........z...
....##........#@...##......
........##...###...# ..##..
........###### ##.......##.
#.........#..# ###.....#
##............## ..##.#
.#.............# ....
.##....##...#.## ...
..#.......##..# .
.##.......#####


You could see a wight and an orc.

Vanquished Creatures
  Sigmund (D:5)
  2 centaurs
  2 scorpions (D:4)
  2 wights (D:7)
  4 howler monkeys
  A crimson imp (D:6)
  2 centaur zombies (D:5)
  A bullfrog zombie (D:5)
  2 jellies
  A bullfrog skeleton (D:4)
  An orc priest (D:5)
  A centaur skeleton (D:5)
  Terence (D:2)
  6 orc wizards
  2 worker ants
  A hound skeleton (D:4)
  2 howler monkey skeletons (D:4)
  7 adders
  2 shadow imps (D:5)
  An ooze (D:1)
  2 adder skeletons
  An adder zombie (D:5)
  3 worms
  A dart slug (D:2)
  4 leopard geckos
  10 orcs
  2 ball pythons
  2 giant cockroaches
  9 goblins
  11 hobgoblins
  15 kobolds
  2 quokkas (D:2)
  10 bats
  3 frilled lizards
  A leopard gecko skeleton (D:4)
  8 rats
126 creatures vanquished.

Notes
Turn   | Place    | Note
-------+----------+-------------------------------------------
     0 | D:1      | Lugonue the Tengu Fighter began the quest for the Orb.
     0 | D:1      | Reached XP level 1. HP: 14/14 MP: 2/2
    89 | D:1      | Reached XP level 2. HP: 9/19 MP: 3/3
   555 | D:1      | Reached XP level 3. HP: 23/23 MP: 4/4
  1191 | D:2      | Reached skill level 3 in Long Blades
  1282 | D:2      | Reached skill level 1 in Dodging
  1282 | D:2      | Reached XP level 4. HP: 28/28 MP: 5/5
  1610 | D:2      | Noticed Terence
  1614 | D:2      | Killed Terence
  1614 | D:2      | Reached skill level 4 in Long Blades
  1911 | D:2      | Gained mutation: You can fly continuously. [Tengu growth]
  1911 | D:2      | Reached XP level 5. HP: 29/32 MP: 6/6
  2837 | D:4      | Found a basalt altar of Yredelemnul.
  2866 | D:4      | Reached XP level 6. HP: 35/37 MP: 7/7
  3222 | D:4      | Reached skill level 5 in Long Blades
  3557 | D:5      | Entered Level 5 of the Dungeon
  3575 | D:5      | Reached XP level 7. HP: 19/42 MP: 8/8
  3826 | D:5      | Found a sacrificial altar of Ru.
  3826 | D:5      | Found a bloodstained altar of Trog.
  3851 | D:5      | Found a shimmering blue altar of Sif Muna.
  3856 | D:5      | Found a shadowy altar of Dithmenos.
  3857 | D:5      | Found a hide-covered altar of Uskayaw.
  3863 | D:5      | Became a worshipper of Sif Muna the Loreminder
  3903 | D:5      | Noticed Sigmund
  3954 | D:5      | Killed Sigmund
  3954 | D:5      | Reached skill level 6 in Long Blades
  4196 | D:5      | Found a sacrificial altar of Ru.
  4347 | D:5      | Reached skill level 5 in Armour
  4352 | D:5      | Reached XP level 8. HP: 48/48 MP: 9/9
  4373 | D:5      | Gained mutation: Your spells are a little harder to cast,
                  | but a little more powerful. [potion of mutation]
  4373 | D:5      | Gained mutation: Your flesh is heat resistant. (rF+)
                  | [potion of mutation]
  4659 | D:5      | Found a staircase to the Ecumenical Temple.
  5117 | D:6      | Found a shimmering altar of Xom.
  5119 | D:6      | Found an iron altar of Okawaru.
  5119 | D:6      | Found a sparkling altar of Nemelex Xobeh.
  5125 | D:6      | Found a shimmering altar of Xom.
  5125 | D:6      | Found a basalt altar of Yredelemnul.
  5125 | D:6      | Found an iron altar of Okawaru.
  5306 | D:6      | Found a blossoming altar of Fedhas.
  5348 | D:6      | Found a shattered altar of Ashenzari.
  5349 | D:6      | Found a snail-covered altar of Cheibriados.
  5664 | D:7      | Reached skill level 5 in Fighting
  5712 | D:7      | Reached skill level 7 in Long Blades
  5714 | D:7      | Slain by an orc

Illustrated notes

Levels and vault maps discovered:
D:1:      psy_arrival_basics, layout_rooms, kennysheep_decorative_pillar,
          serial_bayou_ford_a, hangedman_decor_peaks_small
D:2:      layout_basic, uniq_terence
D:3:      layout_loops_cross
D:4:      layout_loops_cross, first_ration, hangedman_decor_growths,
          yredelemnul_altar_generic
D:5:      layout_basic, grunt_temple_overflow_open,
          minmay_temple_entry_sparse_star, basic_altar, uniq_sigmund
D:6:      layout_loops_ring, kennysheep_mini,
          chequers_temple_overflow_statue_of_worship, roderic_lattice_a,
          doesnt_xom_only_xom
D:7:      layout_cave_pools, serial_shops, shop, grunt_livestock

Skill      XL: |  1  2  3  4  5  6  7  8 |
---------------+-------------------------+-----
Long Blades    | 3 4 5 6 7 |  7.0
Dodging        | 1 2 3 4 |  4.8
Armour         | 4 5 |  5.5
Fighting       | 4 5 |  5.2
Shields        | 4 |  4.6
Stealth        | |  0.7

Action                   |  1- 3 |  4- 6 |  7- 9 || total
-------------------------+-------+-------+-------++-------
Melee: Long sword        |    71 |   159 |   114 ||   344
       Peck              |    10 |    28 |    34 ||    72
       Kick              |    16 |    41 |    46 ||   103
       Short sword       |       |       |    25 ||    25
 Abil: Fly               |       |     1 |       ||     1
  Use: Potion            |       |     4 |     3 ||     7
       Scroll            |       |     2 |     6 ||     8
  Eat: Chunk             |     1 |     8 |     6 ||    15
Armor: Scale mail        |    32 |    65 |     9 ||   106
       Leather armour    |       |       |    16 ||    16
Dodge: Dodged            |    18 |    51 |    56 ||   125
Block: Kite shield       |    38 |    50 |    69 ||   157
       Rpst.: Long sword |     6 |    16 |    18 ||    40

Table legend:
 A = Non-vault XP
 B = Vault XP
 C = Vault XP percentage of total XP
 D = Non-vault monster count
 E = Vault monster count
 F = Vault count percentage of total count
                 A         B        C        D         E       F
            +---------+---------+-------+---------+---------+-------
      Total |    1728 |     256 |  12.9 |     124 |       2 |   1.6
            +---------+---------+-------+---------+---------+-------
        D:1 |      46 |       0 |   0.0 |      24 |       0 |   0.0
        D:2 |      83 |      36 |  30.3 |      33 |       1 |   2.9
        D:3 |      73 |       0 |   0.0 |      15 |       0 |   0.0
        D:4 |     347 |       0 |   0.0 |      15 |       0 |   0.0
        D:5 |     593 |     220 |  27.1 |      24 |       1 |   4.0
        D:6 |     260 |       0 |   0.0 |       5 |       0 |   0.0
        D:7 |     326 |       0 |   0.0 |       8 |       0 |   0.0
            +---------+---------+-------+---------+---------+-------
